 Dungeon Crawl Stone Soup version 0.28.0-45-g0d030f2227 (webtiles) character file.

Game seed: 4124579619784972474

4652 Iusername the Slinger (level 10, -1/90 HPs)
             Began as a Minotaur Fighter on Apr 11, 2022.
             Was a Priest of Dithmenos.
             Killed from afar by a wretched star (15 damage)
             ... with a lance of force
             ... on level 2 of the Abyss on Apr 20, 2022.
             The game lasted 00:24:21 (8667 turns).

Iusername the Slinger (Minotaur Fighter)            Turns: 8667, Time: 00:24:22

Health: -1/90      AC: 11    Str: 25    XL:     10   Next: 20%
Magic:  9/9        EV: 11    Int: 16    God:    Dithmenos [***...]
Gold:   308        SH:  4    Dex:  9    Spells: 9/9 levels left

rFire   . . .      SeeInvis +   l - +11 hunting sling of Inquiry {flame, rElec Will+ Int+3 Dex-4}
rCold   . . .      Faith    +   c - +0 buckler
rNeg    + . .      Spirit   .   m - +4 ring mail of Nebleh {Rampage *Slow Dex+3}
rPois   .          Reflect  .   x - +0 hat {SInv}
rElec   +          Harm     .   i - +0 cloak
rCorr   .          Rampage  +   (no gloves)
Will    +....                   (no boots)
Stlth   ++........              u - amulet of faith
HPRegen 0.25/turn               w - ring of Dilyhu {rN+ Int+6}
MPRegen 0.11/turn               A - +6 ring of intelligence

@: about to teleport, wreathed by umbra
A: horns 2, retaliatory headbutt, [dopey 2], [screaming 2]
a: Renounce Religion, Shadow Step


You were on level 2 of the Abyss.
You worshipped Dithmenos.
Dithmenos was most pleased with you.
You visited 2 branches of the dungeon, and saw 10 of its levels.
You visited the Abyss 1 time.

You collected 451 gold pieces.
You spent 143 gold pieces at shops.

Inventory:

Hand Weapons
 a - a +0 long sword
 l - the +11 hunting sling of Inquiry (weapon) {flame, rElec Will+ Int+3 Dex-4}
   (You found it on level 4 of the Dungeon)

   Any ammunition fired from it burns those it strikes, dealing additional fire
   damage.
   Int:       It affects your intelligence (+3).
   Dex:       It affects your dexterity (-4).
   rElec:     It insulates you from electricity.
   Will:      It increases your willpower.
 q - a +1 trident of freezing
Missiles
 n - 247 stones (quivered ammo)
Armour
 b - a +0 scale mail
 c - a +0 buckler (worn)
 i - a +0 cloak (worn)
 m - the +4 ring mail of Nebleh (worn) {Rampage *Slow Dex+3}
   (You found it on level 2 of the Dungeon)

   Dex:       It affects your dexterity (+3).
   *Slow:     It may slow you when you take damage.
   Rampage:   It bestows one free step when moving towards enemies.
 x - a +0 hat of see invisible (worn)
Jewellery
 u - an amulet of faith (around neck)
 w - the ring of Dilyhu (left hand) {rN+ Int+6}
   (You found it on level 6 of the Dungeon)

   [ring of intelligence]

   Int:       It affects your intelligence (+6).
   rN:        It protects you from negative energy.
 A - a +6 ring of intelligence (right hand)
 E - a ring of protection from cold
Wands
 o - a wand of digging (9)
 r - a wand of acid (9)
 y - a wand of flame (19)
Scrolls
 e - a scroll of fog
 h - 12 scrolls of identify {unknown}
 k - a scroll of noise
 s - a scroll of silence {unknown}
 t - a scroll of magic mapping {unknown}
 v - 2 scrolls of teleportation
 B - a scroll of amnesia {unknown}
Potions
 d - a potion of flight {unknown}
 f - a potion of haste {unknown}
 g - 3 potions of heal wounds {unknown}
 j - 2 potions of brilliance
 p - 2 potions of berserk rage {unknown}
 z - 3 potions of degeneration {unknown}
 C - 2 potions of resistance


   Skills:
 + Level 8.4 Fighting
 + Level 3.9 Long Blades
 + Level 2.0 Polearms
 + Level 12.0 Slings
 + Level 6.6 Armour
 + Level 3.0 Dodging
 + Level 2.8 Stealth
 + Level 5.0 Shields


You had 9 spell levels left.
You didn't know any spells.
Your spell library contained the following spells:

 Spells                   Type           Power      Damage    Failure   Level
 Sting                    Tmut/Pois      0%         1d3       43%         1
 Summon Small Mammal      Summ           0%         N/A       43%         1
 Poisonous Vapours        Pois/Air       0%         N/A       56%         2
 Static Discharge         Conj/Air       0%         N/A       56%         2
 Call Canine Familiar     Summ           0%         N/A       80%         3
 Stone Arrow              Conj/Erth      0%         3d7       80%         3
 Summon Guardian Golem    Hex/Summ       0%         N/A       80%         3
 Animate Armour           Summ/Erth      0%         N/A       99%         4
 Cause Fear               Hex            0%         N/A       99%         4
 Dispel Undead            Necr           0%         3d6       99%         4
 Olgreb's Toxic Radiance  Pois           0%         N/A       99%         4
 Sticky Flame             Conj/Fire      0%         2d3       99%         4
 Dragon Form              Tmut           0%         N/A       100%        7
 Lehudib's Crystal Spear  Conj/Erth      0%         10d2      100%        8
 Dragon's Call            Summ           0%         N/A       100%        9


Dungeon Overview and Level Annotations

Branches:
Dungeon (9/15)             Temple (1/1) D:6             Orc (0/2) D:9
   Lair: D:8-11

Altars:
Ashenzari
Cheibriados
Dithmenos
Elyvilon
Fedhas
Gozag
Hepliaklqana
Kikubaaqudgha
Makhleb
Nemelex Xobeh
Qazlal
Ru
Sif Muna
Trog
Uskayaw
Vehumet
Wu Jian
Xom
Yredelemnul
Zin
The Shining One

Shops:
D:1 *   D:6 [

Annotations:
D:9 Erolcha


Innate Abilities, Weirdness & Mutations

You have a pair of horns on your head.
You reflexively headbutt those who attack you in melee.
[You are very dopey. (Int -4)]
[You frequently scream uncontrollably at your foes.]


Message History

Really rampage and attack while wielding the +11 hunting sling of Inquiry {flame, rElec Will+ Int+3 Dex-4}?
Okay, then.
You are too injured to fight recklessly!
Really rampage and attack while wielding the +11 hunting sling of Inquiry {flame, rElec Will+ Int+3 Dex-4}? [Y]es or [N]o only, please.
Really rampage and attack while wielding the +11 hunting sling of Inquiry {flame, rElec Will+ Int+3 Dex-4}? [Y]es or [N]o only, please.
Really rampage and attack while wielding the +11 hunting sling of Inquiry {flame, rElec Will+ Int+3 Dex-4}? [Y]es or [N]o only, please.
Really rampage and attack while wielding the +11 hunting sling of Inquiry {flame, rElec Will+ Int+3 Dex-4}? [Y]es or [N]o only, please.
Really rampage and attack while wielding the +11 hunting sling of Inquiry {flame, rElec Will+ Int+3 Dex-4}? [Y]es or [N]o only, please.
Really rampage and attack while wielding the +11 hunting sling of Inquiry {flame, rElec Will+ Int+3 Dex-4}? [Y]es or [N]o only, please.
Really rampage and attack while wielding the +11 hunting sling of Inquiry {flame, rElec Will+ Int+3 Dex-4}?
Okay, then.
You don't know any spells.
Welcome back, Iusername the Minotaur Fighter.
Dithmenos says: Spread the eternal night.
Press ? for a list of commands and other information.
As you read the scroll of teleportation, it crumbles to dust.
You feel strangely unstable.
You feel the power of the Abyss delaying your translocation!
The wretched star pulses with an eldritch light!
You feel stupid. x2
The wretched star glows turbulently.
The lance of force misses you.
The wretched star pulses with an eldritch light!
You enter the shallow water.
Moving in this stuff is going to be slow.
The wretched star glows turbulently.
The lance of force hits you!!
* * * LOW HITPOINT WARNING * * *
You are knocked back by the lance of force.
You slam into the stone wall!
* * * LOW HITPOINT WARNING * * *
The wretched star glows turbulently.
The lance of force hits you!
You die...

≈# . ..... ##(.##. #
≈≈≈≈
##........(###....
§.# # ... (.#...... .
#§.≈ #. .
#.##..###..# ≈ ##.≈
.#. #......##. # §
#≈≈≈## ##........ #
.#.≈≈≈####.#.#..... #
..#..≈§#...##..##..
#.. .#@.*.### ..# ..
... ≈ ##≈≈#.#....#..
###.#..#≈≈.#.#.#.....
#..####≈##...##...#
## # ##§.#.....# ...
. ..###...###..#.# .#
##..#≈... .###. #. .
##...##.#.# . #. . .


You could see a wretched star.

Vanquished Creatures
  A tentacled starspawn (Abyss:2)
  A hornet (D:9)
  Prince Ribbit (D:5)
  A ynoxinul (Abyss:2)
  2 shadows (D:9)
  3 wyverns
  Edmund (D:5)
  2 water moccasins (D:5)
  A hornet zombie (D:8)
  An orc warrior (D:7)
  2 ice beasts
  8 necrophages
  An ogre (D:4)
  5 centaurs
  A phantom (D:9)
  3 kobold brigands
  A water moccasin zombie (D:5)
  A scorpion (D:5)
  3 troll zombies (D:9)
  7 wights (D:8)
  3 howler monkeys (D:9)
  2 hounds
  A jelly (D:8)
  4 orc priests
  A bullfrog skeleton (D:5)
  Natasha (twice) (D:4)
  4 orc wizards
  3 killer bee zombies
  3 ogre zombies (D:9)
  A hound zombie (D:5)
  A howler monkey zombie (D:8)
  4 gnolls (D:5)
  A howler monkey skeleton (D:7)
  4 adders
  An ufetubus (D:5)
  3 worms
  20 orcs
  3 ball pythons
  7 endoplasms
  4 giant cockroaches
  3 goblins
  8 hobgoblins
  23 kobolds
  4 quokkas
  6 bats
  8 frilled lizards
  2 goblin skeletons (D:9)
  3 goblin zombies (D:9)
  An orc skeleton (D:9)
  13 orc zombies (D:9)
  A rat (D:2)
  A spectral hobgoblin (D:1)
191 creatures vanquished.

Vanquished Creatures (others)
  4 plants (D:1)
  2 starspawn tentacles (Abyss:2)
6 creatures vanquished.

Grand Total: 197 creatures vanquished

Notes
Turn   | Place    | Note
-------+----------+-------------------------------------------
     0 | D:1      | Iusername the Minotaur Fighter began the quest for the Orb.
     0 | D:1      | Reached XP level 1. HP: 19/19 MP: 0/0
    41 | D:1      | Found Fisyv's Assorted Antiques.
   367 | D:1      | Reached XP level 2. HP: 24/27 MP: 1/1
   609 | D:1      | Found a faded altar of an unknown god.
  1119 | D:1      | Reached XP level 3. HP: 31/33 MP: 2/2
  1895 | D:2      | Identified the +4 ring mail of Nebleh {Rampage *Slow Dex+3}
  2206 | D:3      | Reached XP level 4. HP: 40/40 MP: 3/3
  2671 | D:3      | Reached skill level 5 in Armour
  3793 | D:4      | Reached XP level 5. HP: 19/46 MP: 4/4
  3796 | D:4      | Reached skill level 1 in Dodging
  3804 | D:4      | Reached skill level 1 in Polearms
  4259 | D:4      | Identified the +11 hunting sling of Inquiry {flame, rElec
                  | Will+ Int+3 Dex-4}
  4286 | D:4      | Noticed Natasha
  4295 | D:4      | Killed Natasha
  4311 | D:4      | Noticed Natasha
  4313 | D:4      | Killed Natasha
  4583 | D:4      | Noticed an ogre
  4592 | D:4      | Killed an ogre
  4593 | D:4      | Reached skill level 1 in Slings
  4593 | D:4      | Reached XP level 6. HP: 53/53 MP: 5/5
  4756 | D:5      | Entered Level 5 of the Dungeon
  4819 | D:5      | Reached skill level 2 in Slings
  4820 | D:5      | Reached skill level 1 in Stealth
  4988 | D:5      | Noticed a water moccasin
  4995 | D:5      | Killed a water moccasin
  4996 | D:5      | Reached skill level 3 in Slings
  4996 | D:5      | Reached XP level 7. HP: 55/60 MP: 6/6
  5038 | D:5      | Reached skill level 4 in Slings
  5105 | D:5      | Found an opulent altar of Gozag.
  5137 | D:5      | Reached skill level 5 in Fighting
  5223 | D:5      | Noticed Edmund
  5228 | D:5      | Killed Edmund
  5229 | D:5      | Reached skill level 5 in Slings
  5305 | D:5      | Noticed Prince Ribbit
  5310 | D:5      | Killed Prince Ribbit
  5311 | D:5      | Reached skill level 6 in Slings
  5311 | D:5      | Reached XP level 8. HP: 69/69 MP: 7/7
  5695 | D:6      | Found a staircase to the Ecumenical Temple.
  5715 | Temple   | Entered the Ecumenical Temple
  5962 | Temple   | Became a worshipper of Dithmenos the Shadowed
  6019 | D:6      | Reached skill level 7 in Slings
  6134 | D:6      | Found a sparkling altar of Nemelex Xobeh.
  6425 | D:6      | Identified the ring of Dilyhu {rN+ Int+6}
  6443 | D:6      | Found Taurevin's Armour Emporium.
  6479 | D:6      | Bought a +0 hat of see invisible for 143 gold pieces
  6561 | D:7      | Found a bloodstained altar of Trog.
  6562 | D:7      | Found a hazy altar of Hepliaklqana.
  6562 | D:7      | Found a basalt altar of Yredelemnul.
  6564 | D:7      | Found a stormy altar of Qazlal.
  6564 | D:7      | Found a radiant altar of Vehumet.
  6566 | D:7      | Found a snail-covered altar of Cheibriados.
  6566 | D:7      | Found a shimmering altar of Xom.
  6567 | D:7      | Found a shimmering blue altar of Sif Muna.
  6841 | D:7      | Reached skill level 8 in Slings
  7041 | D:7      | Reached XP level 9. HP: 79/79 MP: 8/8
  7344 | D:8      | Reached skill level 9 in Slings
  7347 | D:8      | Reached * piety under Dithmenos
  7786 | D:8      | Reached skill level 10 in Slings
  7961 | D:8      | Reached skill level 11 in Slings
  8009 | D:9      | Found a blossoming altar of Fedhas.
  8033 | D:9      | Reached ** piety under Dithmenos
  8071 | D:9      | Reached XP level 10. HP: 88/88 MP: 9/9
  8212 | D:9      | Reached skill level 5 in Shields
  8230 | D:9      | Found a staircase to the Orcish Mines.
  8354 | D:9      | Reached *** piety under Dithmenos
  8485 | D:9      | Reached skill level 12 in Slings
  8536 | D:9      | Noticed Erolcha
  8539 | D:9      | Cast into level 2 of the Abyss (Erolcha)
  8606 | Abyss:2  | Noticed a tentacled starspawn
  8614 | Abyss:2  | Killed a tentacled starspawn
  8643 | Abyss:2  | Noticed a wretched star
  8667 | Abyss:2  | Killed from afar by a wretched star

Illustrated notes

Levels and vault maps discovered:
D:1:      minmay_arrival_diagonal_passages, layout_rooms, serial_shops, shop,
          dreamdust_ecumenical_altar_drowned_temple, lexackson_kobold_supper
D:2:      layout_basic
D:3:      layout_basic, kennysheep_generic_room_10
D:4:      nicolae_BIG_FREAKIN_CUBE, layout_gridville, uniq_natasha
D:5:      layout_cave_pools, mainiacjoe_overflow_brackets, minmay_door_square,
          uniq_edmund, uniq_prince_ribbit1
D:6:      layout_gridville, kennysheep_mini, minmay_temple_entry_overgrown,
          serial_shops, nicolae_lakefront_shop
D:7:      layout_loops_corners, grunt_temple_overflow_open
D:8:      layout_loops_cross, serial_undead, serial_undead_f, serial_undead_f,
          serial_undead_b, serial_undead_f, serial_undead_c, serial_undead_c,
          serial_undead_f, serial_undead_a, minmay_fountain_box
D:9:      layout_roguey, okawaru_altar_gauntlet_db,
          mainiacjoe_overflow_cross_hatched, zombieorc1_lemuel, uniq_erolcha
Temple:   jpeg_temple_alley_garden
Abyss:2:  base: Temple, base:
Temple

Skill      XL: |  1  2  3  4  5  6  7  8  9 10 |
---------------+-------------------------------+-----
Armour         | 4 5 6 |  6.6
Shields        | 4 5 |  5.0
Fighting       | 4 5 7 8 |  8.4
Long Blades    | 3 |  3.9
Dodging        | 1 2 3 |  3.0
Polearms       | 1 2 |  2.0
Slings         | 1 3 6 8 11 12 | 12.0
Stealth        | 1 2 |  2.8

Action                   |  1- 3 |  4- 6 |  7- 9 | 10-12 || total
-------------------------+-------+-------+-------+-------++-------
Melee: Long sword        |    97 |    42 |       |       ||   139
       Headbutt          |    13 |    12 |       |       ||    25
       Trident           |       |    25 |       |       ||    25
 Fire: Hunting sling     |       |    50 |   176 |   101 ||   327
  Use: Potion            |     1 |     5 |       |       ||     6
       Scroll            |       |     4 |     1 |     1 ||     6
Armor: Scale mail        |    67 |       |       |       ||    67
       Ring mail         |     1 |    81 |     9 |     2 ||    93
Dodge: Dodged            |    48 |    57 |    19 |     7 ||   131
Block: Buckler           |    25 |    23 |     5 |       ||    53
